 Dungeon Crawl Stone Soup version 0.20.1-1-g8b1a95d (console) character file.

1552 bli the Magician (level 8, -1/48 HPs)
             Began as a Gargoyle Fire Elementalist on Aug 20, 2017.
             Was an Initiate of Ru.
             Slain by vineage's ghost (8 damage)
             ... on level 6 of the Dungeon.
             The game lasted 00:27:25 (6347 turns).

bli the Magician (Gargoyle Fire Elementalist)       Turns: 6347, Time: 00:27:26

Health: -1/48      AC: 11    Str: 13    XL:     8   Next: 88%
Magic:  11/24      EV: 12    Int: 17    God:    Ru [......]
Gold:   318        SH:  0    Dex: 10    Spells: 11/16 levels left

rFire    + . .     SeeInvis .   b - +1 flail (holy)
rCold    x . .     Gourm    .   (no shield)
rNeg     + . .     Faith    .   I - +3 leather armour
rPois    ∞         Spirit   .   (no helmet)
rElec    +         Reflect  .   (no cloak)
rCorr    .         Harm     .   (no gloves)
MR       .....                  (no boots)
Stlth    ++........             (no amulet)
Regen    0.2/turn               l - ring of fire
MPRegen  0.2/turn               w - ring of magical power

@: very slightly contaminated
A: negative energy resistance 1, electricity resistance, unbreathing,
petrification resistance, rot immunity, AC +5
a: Renounce Religion


You were on level 6 of the Dungeon.
You worshipped Ru.
Ru was noncommittal.
You were not hungry.

You visited 2 branches of the dungeon, and saw 7 of its levels.

You collected 318 gold pieces.

Inventory:

Hand Weapons
 a - a +4 flail of crushing
 b - a +1 flail of holy wrath (weapon)
 B - a +0 quarterstaff
 G - a cursed +0 hunting sling
 J - a +0 whip
 P - a +2 quarterstaff of chaos
Missiles
 q - 202 stones (quivered)
Armour
 I - a +3 leather armour (worn)
 Q - a +1 cloak of poison resistance
Jewellery
 f - an uncursed ring of poison resistance
 l - a ring of fire (left hand)
 w - a ring of magical power (right hand)
 N - an uncursed ring of magical power
 O - an uncursed ring of positive energy {unknown}
Wands
 F - a wand of iceblast (7/15)
 L - a wand of lightning (5/15)
Scrolls
 d - 4 scrolls of identify {unknown}
 e - a scroll of blinking {unknown}
 g - 2 scrolls of remove curse
 h - 4 scrolls of enchant weapon {unknown}
 j - 2 scrolls of teleportation {unknown}
 p - a scroll of recharging {unknown}
 s - a scroll of fear {unknown}
 y - 2 scrolls of magic mapping {unknown}
 A - a scroll of fog {unknown}
 C - a scroll of amnesia {unknown}
 E - a scroll of random uselessness {unknown}
 H - 2 scrolls of summoning {unknown}
Potions
 m - 2 potions of brilliance {unknown}
 n - a potion of magic {unknown}
 t - a potion of ambrosia {unknown}
 u - 2 potions of haste {unknown}
 v - a potion of might {unknown}
 x - 2 potions of flight {unknown}
 z - a potion of mutation {unknown}
 K - a potion of heal wounds {unknown}
Books
 o - a book of Flames

   Spells                             Type                      Level
   a - Flame Tongue                   Conjuration/Fire             1
   b - Throw Flame                    Conjuration/Fire             2
   c - Conjure Flame                  Conjuration/Fire             3
   d - Inner Flame                    Hexes/Fire                   3
   e - Sticky Flame                   Conjuration/Fire             4
   f - Fireball                       Conjuration/Fire             5
 r - a book of Frost

   Spells                             Type                      Level
   a - Freeze                         Ice                          1
   b - Throw Frost                    Conjuration/Ice              2
   c - Ozocubu's Armour               Charms/Ice                   3
   d - Throw Icicle                   Conjuration/Ice              4
   e - Summon Ice Beast               Ice/Summoning                4
Comestibles
 c - 6 bread rations
 i - 5 royal jellies
 k - 5 meat rations
 D - 4 fruits
 M - a chunk of flesh


   Skills:
 + Level 4.0 Fighting
 + Level 4.5 Maces & Flails
 + Level 3.2 Armour
 + Level 3.1 Dodging
 - Level 3.0 Stealth
 * Level 4.9 Spellcasting
 + Level 4.6 Conjurations
 * Level 4.4 Fire Magic


You had 11 spell levels left.
You knew the following spells:

 Your Spells              Type           Power        Failure   Level  Hunger
a - Flame Tongue          Conj/Fire      ####.        2%          1    None
s - Sticky Flame          Conj/Fire      ####....     28%         4    ####...


Dungeon Overview and Level Annotations

Branches:
Dungeon (6/15)             Temple (1/1) D:4

Altars:
Cheibriados
Elyvilon
Gozag
Makhleb
Qazlal
Ru
Sif Muna
Trog
Xom
The Shining One

Annotations:
D:4 bli's ghost, amateur GrFE
D:6 vineage's ghost, novice DsBe


Innate Abilities, Weirdness & Mutations

You are resistant to torment.
Your stone body is resilient. (AC +5)
You are immune to poison.
You resist negative energy. (rN+)
You are resistant to electric shocks. (rElec)
You can survive without breathing.
You are immune to petrification.
You are immune to rotting.


Message History

Confirm with . or Enter, or press ? or * to list all spells.
Aiming: Sticky Flame
Press: ? - help, Shift-Dir - straight line, f/p - vineage's ghost
Aim: vineage's ghost, wielding a weapon of protection (heavily damaged)
You feel a surge of power!
The sticky flame hits vineage's ghost.
Vineage's ghost appears unharmed.
Vineage's ghost is heavily damaged.
Vineage's ghost hits you!
You barely miss vineage's ghost.
Vineage's ghost is heavily damaged.
Vineage's ghost keens inconsolably.
Vineage's ghost hits you!
* * * LOW HITPOINT WARNING * * *
Vineage's ghost hits you but does no damage.
You barely miss vineage's ghost.
Vineage's ghost is heavily damaged.
Vineage's ghost hits you but does no damage.
You hit vineage's ghost.
Vineage's ghost convulses.
Vineage's ghost is heavily damaged.
Vineage's ghost hits you!
You die...

#.# #..# #.# ##.## ##.#
########..# #..#
#......##.#
##)###########.........#
#..# #.........._......#
#.####.................#
#.##>+............⌠.._.#
#.##.#.............[...#
#....#######..#._......###
#..#.....@W...............
##...########.###......#.#
#.......####.###........#
#####.....##.##..#.......
##.....##.....######.#
#........#....######..
#......#...#..........
#.########...#######.#
#.........[..#.......#
###########..#.#####(#
#...........#.# #.#


You could see vineage's ghost.

Vanquished Creatures
  A hippogriff (D:6)
  Edmund (D:6)
  An ice beast (D:6)
  A phantom (D:6)
  2 ogres
  A bullfrog (D:3)
  A scorpion (D:4)
  A jelly (D:6)
  A crimson imp (D:6)
  A bullfrog skeleton (D:6)
  4 hounds
  Crazy Yiuf (D:6)
  2 orc wizards
  4 iguanas
  3 worker ants
  A hound skeleton (D:4)
  A worker ant zombie (D:6)
  11 adders
  A gnoll (D:1)
  A howler monkey skeleton (D:4)
  3 worms
  3 dart slugs
  2 leopard geckos
  29 orcs
  3 ball pythons
  8 giant cockroaches
  10 goblins
  7 hobgoblins
  13 jackals
  8 kobolds
  3 quokkas
  3 bats
  8 frilled lizards
  4 rats
144 creatures vanquished.

Notes
Turn   | Place    | Note
-------+----------+-------------------------------------------
     0 | D:1      | bli the Gargoyle Fire Elementalist began the quest for the Orb.
     0 | D:1      | Reached XP level 1. HP: 10/10 MP: 3/3
    91 | D:1      | Reached XP level 2. HP: 13/16 MP: 0/5
   368 | D:1      | Reached skill level 1 in Fighting
   426 | D:1      | Reached XP level 3. HP: 20/20 MP: 0/6
   722 | D:2      | Reached skill level 1 in Maces & Flails
  1032 | D:2      | Reached XP level 4. HP: 24/25 MP: 0/7
  1901 | D:3      | Reached XP level 5. HP: 6/30 MP: 0/8
  2512 | D:3      | Found a snail-covered altar of Cheibriados.
  2566 | D:3      | Reached skill level 1 in Armour
  2566 | D:3      | Reached XP level 6. HP: 11/36 MP: 2/10
  2608 | D:3      | Learned a level 4 spell: Sticky Flame
  2884 | D:3      | Noticed a hippogriff
  3021 | D:4      | Noticed bli's ghost (amateur GrFE)
  3138 | D:4      | Reached XP level 7. HP: 24/41 MP: 6/11
  3353 | D:4      | Found a bloodstained altar of Trog.
  3492 | D:5      | Entered Level 5 of the Dungeon
  4324 | D:5      | Found an opulent altar of Gozag.
  4577 | D:4      | Found a staircase to the Ecumenical Temple.
  4603 | Temple   | Entered the Ecumenical Temple
  4618 | Temple   | Became a worshipper of Ru the Awakened
  5278 | D:6      | Found a white marble altar of Elyvilon.
  5279 | D:6      | Found a shimmering altar of Xom.
  5281 | D:6      | Found a burning altar of Makhleb.
  5301 | D:6      | Reached XP level 8. HP: 48/48 MP: 13/13
  5345 | D:6      | Noticed vineage's ghost (novice DsBe)
  5586 | D:6      | Killed a hippogriff
  5595 | D:6      | Noticed Edmund
  5616 | D:6      | Killed Edmund
  6200 | D:6      | Found a runed door.
  6204 | D:6      | Noticed Crazy Yiuf
  6211 | D:6      | Killed Crazy Yiuf
  6347 | D:6      | Slain by vineage's ghost

Skill      XL: |  1  2  3  4  5  6  7  8 |
---------------+-------------------------+-----
Fighting       | 1 2 3 4 |  4.0
Dodging        | 2 3 |  3.1
Maces & Flails | 1 2 3 4 |  4.5
Stealth        | 3 |  3.0
Conjurations   | 2 3 4 |  4.6
Armour         | 1 2 3 |  3.2
Spellcasting   | 3 4 |  4.9
Fire Magic     | 4 |  4.4

Action                   |  1- 3 |  4- 6 |  7- 9 || total
-------------------------+-------+-------+-------++-------
Melee: Whip              |    54 |    66 |       ||   120
       Unarmed           |     4 |       |       ||     4
       Flail             |       |    71 |   119 ||   190
Throw: Stone             |       |       |     8 ||     8
 Cast: Flame Tongue      |    50 |   108 |   115 ||   273
       Sticky Flame      |       |       |     5 ||     5
  Use: Scroll            |       |     1 |       ||     1
 Stab: Sleeping          |     3 |     7 |       ||    10
  Eat: Chunk             |     1 |     8 |     7 ||    16
       Bread ration      |       |       |     1 ||     1
Armor: Robe              |    34 |    22 |       ||    56
       Leather armour    |       |    47 |    85 ||   132
Dodge: Dodged            |    45 |   121 |   139 ||   305
